 Dungeon Crawl Stone Soup version 0.15.0-8-gb109cf8 (webtiles) character file.

42 Kashira the Sneak (level 3, 0/28 HPs)
             Began as a Naga Enchanter on Aug 30, 2014.
             Slain by an adder (5 damage)
             ... on Level 2 of the Dungeon.
             The game lasted 00:06:29 (1301 turns).

Kashira the Sneak (Naga Enchanter)                  Turns: 1301, Time: 00:06:29

HP   0/28        AC  3     Str 10      XL: 3   Next: 54%
MP   5/6         EV  9     Int 15      God:
Gold 58          SH  0     Dex 12      Spells:  3 memorised,  1 level left

rFire  . . .     SeeInvis +     a - +1 dagger
rCold  . . .     Clarity  .     h - +0 leather armour (curse)
rNeg   . . .     rCorr    .     (no shield)
rPois  +         rRot     .     l - +0 helmet
rElec  .         Spirit   .     (no cloak)
SustAb .         Warding  .     (no gloves)
rMut   .         Stasis   .     (no barding)
Gourm  .                        (no amulet)
MR     .....                    (no ring)
                                j - ring of see invisible

@: short of breath, drained, very slow, not resistant to hostile enchantments,
fairly stealthy
A: spit poison, see invisible, deformed body, poison resistance, slowness 2, AC
+1
a: Spit Poison


You were on level 2 of the Dungeon.
You were not hungry.

You visited 1 branch of the dungeon, and saw 2 of its levels.

You collected 58 gold pieces.

Inventory:

Hand weapons
 a - a +1 dagger (weapon)
 k - a +0 short sword of draining
Armour
 b - a +1 robe
 h - a cursed +0 leather armour (worn)
 l - a +0 helmet (worn)
Comestibles
 d - 5 bread rations
 g - 3 meat rations
 i - 2 beef jerkies
 m - 2 chunks of worm flesh
Scrolls
 f - 2 scrolls of identify {unknown}
Jewellery
 j - a ring of see invisible (left hand)
Books
 c - a book of Maledictions

   Spells                             Type                      Level
   *Corona                            Hexes                        1
   *Sure Blade                        Hexes/Charms                 2
   *Ensorcelled Hibernation           Hexes/Ice                    2
   Confuse                            Hexes                        3
   Dazzling Spray                     Conjuration/Hexes            3
   Enslavement                        Hexes                        4


   Skills:
 + Level 0.2(0.0) Fighting
 + Level 1.1(0.8) Short Blades
 + Level 0.4(0.1) Armour
 + Level 1.9(1.7) Dodging
 + Level 4.9(4.7) Stealth
 + Level 2.2(1.9) Spellcasting
 + Level 3.5(3.2) Hexes


You had one spell level left.
You knew the following spells:

 Your Spells              Type           Power        Failure   Level  Hunger
a - Corona                Hex            ##.....      8%          1    ##.....
b - Ensorcelled Hibernat  Hex/Ice        #.....       17%         2    ###....
c - Sure Blade            Hex/Chrm       #.........   17%         2    ###....


Dungeon Overview and Level Annotations

Branches:
Dungeon (2/15)

Altars:


Innate Abilities, Weirdness & Mutations

You cannot wear boots.
You can spit poison.
Your serpentine skin is tough (AC +1).
You have supernaturally acute eyesight.
Armour fits poorly on your strangely shaped body.
Your system is resistant to poisons.
You cover ground very slowly.


Message History

The jackal bites you but does no damage.
The jackal bites you but does no damage.
You hit the jackal.
The jackal is almost dead.
The jackal bites you but does no damage.
The jackal bites you but does no damage.
You hit the jackal.
You kill the jackal!
Use which ability? (? or * to list)
Press: ? - help, Shift-Dir - straight line, f/p - adder
Aim: an adder (heavily wounded)
The splash of poison misses the adder.
The splash of poison hits the adder.
The adder is poisoned.
The adder is moderately wounded.
You feel slightly more hungry. The adder bites you. The adder bites you.
* * * LOW HITPOINT WARNING * * *
Drink which item? (? for menu, Esc to quit)
It has a very clean taste.
It was a potion of cure mutation.
The adder bites you.
You die...

#.# #.##
...#####
.......##
........#
.#####..# .#
#..# .#
#..#############
.#
#......>.SS@...#
.#
##.###########.#
.# #.# .# ... .
##.# .# ### ..
.. .#


You could see 2 adders.

Vanquished Creatures
  A giant mite (D:2)
  A worm (D:2)
  A giant cockroach (D:1)
  A hobgoblin (D:1)
  11 jackals
  3 kobolds
  A bat (D:1)
  A giant gecko (D:1)
  2 giant newts (D:1)
  3 goblins (D:1)
  3 rats (D:1)
28 creatures vanquished.

Notes
Turn   | Place    | Note
--------------------------------------------------------------
     0 | D:1      | Kashira, the Naga Enchanter, began the quest for the Orb.
     0 | D:1      | Reached XP level 1. HP: 15/15 MP: 3/3
   309 | D:1      | Reached XP level 2. HP: 8/22 MP: 4/4
   508 | D:1      | Learned a level 2 spell: Ensorcelled Hibernation
   511 | D:1      | Learned a level 2 spell: Sure Blade
  1094 | D:2      | Reached XP level 3. HP: 26/28 MP: 6/6
  1301 | D:2      | Slain by an adder

Action                   || total
-------------------------++-------
Melee: Dagger            ||    59
 Cast: Corona            ||     1
       Sure Blade        ||     3
 Abil: Spit Poison       ||    29
  Use: Potion            ||     1
 Stab: Sleeping          ||     1
  Eat: Chunk             ||     3
